 Dungeon Crawl Stone Soup version 0.32-a0-43-g058985b245 (webtiles) character file.

Game seed: 3178445644723304584

336 ytrimaz the Shield-Bearer (level 6, -1/51 HPs)
             Began as a Formicid Fighter on Feb 5, 2024.
             Slain by an orc
             ... wielding a +0 whip
              (4 damage)
             ... on level 3 of the Dungeon.
             The game lasted 00:03:36 (2129 turns).

ytrimaz the Shield-Bearer (Formicid Fighter)        Turns: 2129, Time: 00:03:36

Health: -1/51      AC:  8    Str: 20    XL:     6   Next: 84%
Magic:  6/6        EV:  9    Int:  8    God:
Gold:   106        SH:  6    Dex: 15    Spells: 5/5 levels left

rFire   . . .        o - +1 hand axe (freeze)
rCold   . . .        c - +0 buckler
rNeg    . . .        b - +0 scale mail
rPois   .            (helmet unavailable)
rElec   .            (no cloak)
rCorr   +            p - +0 pair of gloves
SInv    +            (no boots)
Will    .....        (no amulet) Stlth
                     g - ring of resist corrosion
HPRegen 0.28/turn    (no ring)
MPRegen 0.10/turn

%: no passive effects
@: mighty, invisible
A: permanent stasis, dig shafts and tunnels, antennae 3, four strong arms
a: Dig, Shaft Self


You were on level 3 of the Dungeon.
You visited 1 branch of the dungeon, and saw 3 of its levels.

You collected 106 gold pieces.


Innate Abilities, Weirdness & Mutations

You cannot be hasted, slowed, berserked, paralysed or teleported.
You can dig through walls and to a lower floor.
You have a pair of large antennae on your head. (SInv)
Your four strong arms can wield two-handed weapons with a shield.


   Skills:
 + Level 5.3 Fighting
 + Level 4.1 Axes
 - Level 3.2 Armour
 + Level 6.2 Shields


You had 5 spell levels left.
You didn't know any spells.
Your spell library was empty.

Inventory:

Hand Weapons
 a - a +0 war axe
 k - a +1 war axe of holy wrath
   (You found it on level 1 of the Dungeon)
 o - a +1 hand axe of freezing (weapon)
   (You took it off an orc on level 3 of the Dungeon)
Armour
 b - a +0 scale mail (worn)
 c - a +0 buckler (worn)
 p - a +0 pair of gloves (worn)
   (You found it on level 3 of the Dungeon)
Jewellery
 g - a ring of resist corrosion (left hand)
   (You found it on level 1 of the Dungeon)
 l - an amulet of faith
   (You found it on level 2 of the Dungeon)
Potions
 f - a potion of lignification {unknown}
 h - a potion of invisibility
 i - a potion of enlightenment
 j - a potion of mutation {unknown}

Dungeon Overview and Level Annotations

Branches:
Dungeon (3/15) Zot: 15794

Altars:
Trog

≈~~~~~....~~~~~~≈~~≈~~#####
......................#...#
#########''''#############)).#
.......)#....#...........#'###
.......))))..'...........'.#
.......)#....#...........#.#
##########################.#
..........+.#..))..# {
.......@o.#$#...)..#
..........#!##'###.# {
........))#)#....#.#
#########)###....#.#
#.....)..'...$#'###
###############)).# { { {#...#
##### ≈≈≈≈


You could see an orc (unable to see you).


Message History

* * * LOW HITPOINT WARNING * * *
The gnoll hits you from afar with a +0 spear.
* * * LOW HITPOINT WARNING * * *
You block the gnoll's attack.
The kobold brigand hits you but does no damage. 😨 HP[-8]
You take 8 damage, and now have 19/50 hp.
You closely miss the kobold brigand. The kobold brigand closely misses you.
The gnoll closely misses you.
You slash the kobold brigand! You freeze the kobold brigand.
You kill the kobold brigand!
The gnoll hits you from afar with a +0 spear.
* * * LOW HITPOINT WARNING * * *
Your Fighting skill increases to level 5!
Your Shields skill increases to level 6!
Unknown command. 😨 HP[-5]
You now have 51 max hp (+1).
You take 5 damage, and now have 14/51 hp.
You hit the gnoll. You freeze the gnoll. The gnoll hits you but does no damage.
The gnoll hits you with a +0 whip.
* * * LOW HITPOINT WARNING * * *
😱 HP[-3]
You take 3 damage, and now have 11/51 hp.
Unknown command.
You slash the gnoll! You freeze the gnoll.
You kill the gnoll!
The gnoll hits you but does no damage.
Unknown command.
Unknown command.
You feel better.
The gnoll barely misses you. x2 😨 HP[+6]
You regained 6 hp, and now have 17/51 hp.
You barely miss the gnoll.
The gnoll barely misses you. 😨 HP[+1] Unknown command. 2 orcs come into view.
The orc shouts! x2
The gnoll barely misses you.
The gnoll hits you but does no damage. x2
You block the gnoll's attack. The gnoll hits you with a +0 halberd.
* * * LOW HITPOINT WARNING * * *
There is an open door, spattered with blood here.
Items here: ( )))))) [. 😱 HP[-6]
You take 6 damage, and now have 12/51 hp.
Unknown command.
You fade into invisibility!
You block the gnoll's attack. x2; The gnoll closely misses you.
The gnoll barely misses you. x2
Unknown command.
You barely miss the gnoll. You hit the gnoll. You freeze the gnoll.
You slash the gnoll! You freeze the gnoll.
You kill the gnoll!
The gnoll hits you with a +0 spear.
* * * LOW HITPOINT WARNING * * *
The gnoll barely misses you. The gnoll hits you but does no damage.
You block the gnoll's attack.
Your Axes skill increases to level 4! 😱 HP[-2]
You take 2 damage, and now have 10/51 hp.
You closely miss the gnoll. You slash the gnoll! You freeze the gnoll.
The gnoll barely misses you. The gnoll closely misses you.
Unknown command.
You completely miss the gnoll. You hit the gnoll. You freeze the gnoll.
You kill the gnoll!
The gnoll barely misses you.
Unknown command.
You slash the gnoll! You freeze the gnoll. You hit the orc. You freeze the orc.
You kill the orc!
You block the gnoll's attack. 😱 HP[+1]
You closely miss the gnoll. You barely miss the gnoll.
The gnoll closely misses you. You block the gnoll's attack.
Unknown command.
You slash the gnoll! You freeze the gnoll.
You kill the gnoll!
You slash the gnoll! You freeze the gnoll.
You kill the gnoll!
You see here a +0 spear.
Unknown command. 😱 HP[+1]
You block the gnoll's attack.
You slash the gnoll! You freeze the gnoll. You barely miss the orc.
The gnoll hits you with a +0 halberd.
* * * LOW HITPOINT WARNING * * *
The orc hits you with a +0 whip.
* * * LOW HITPOINT WARNING * * *
😱 HP[-10]
You take 10 damage, and now have 2/51 hp.
You slash the gnoll! You freeze the gnoll.
You kill the gnoll!
You closely miss the orc. The orc hits you but does no damage.
You block the orc's attack.
Unknown command. 😱 HP[+1]
Things that are here:
a +0 halberd; a gnoll corpse Unknown command.
You barely miss the orc. The orc hits you with a +0 whip.
You die...

Skill      XL: |  1  2  3  4  5  6 |
---------------+-------------------+-----
Fighting       | 4 5 |  5.3
Shields        | 5 6 |  6.2
Axes           | 3 4 |  4.1
Armour         | |  3.2

Action                     |  1- 3 |  4- 6 || total
---------------------------+-------+-------++-------
  Melee: War axe           |    78 |    44 ||   122
         Hand axe          |       |    75 ||    75
    Use: Scroll            |     5 |     3 ||     8
         Potion            |       |     5 ||     5
 Armour: Scale mail        |    64 |    94 ||   158
  Dodge: Dodged            |    42 |    80 ||   122
  Block: Buckler           |    27 |    49 ||    76

Levels and vault maps discovered:
D:1:      scummos_arrival_simple_crosswalls, layout_loops_corners,
          chequers_serial_rivers_large_a
D:2:      layout_basic
D:3:      lemuel_castle_with_subvaults [lemuel_castle_interior_carwin_1],
          layout_loops_ring, trog_three_pillars_becter, nicolae_wormholes

Notes
Turn   | Place    | Note
-------+----------+-------------------------------------------
     0 | D:1      | ytrimaz the Formicid Fighter began the quest for the Orb.
     0 | D:1      | Reached XP level 1. HP: 18/18 MP: 1/1
     0 | D:1      | magus.rc [v1.9.6]
    60 | D:1      | Reached XP level 2. HP: 15/24 MP: 2/2
   644 | D:1      | Reached XP level 3. HP: 30/30 MP: 3/3
  1113 | D:2      | Identified the +4 dagger "Killer Klown's Curse" {flame, rC+
                  | rCorr}
  1284 | D:2      | Reached skill level 4 in Fighting
  1284 | D:2      | Reached XP level 4. HP: 37/37 MP: 4/4
  1614 | D:3      | Found a bloodstained altar of Trog.
  1812 | D:3      | Reached skill level 5 in Shields
  1818 | D:3      | Reached skill level 3 in Axes
  1977 | D:3      | Reached XP level 5. HP: 16/43 MP: 5/5
  1977 | D:3      | HP: 10/43 [orc/+0 club (1)]
  1979 | D:3      | HP: 2/43 [gnoll/+0 spear (5)]
  2073 | D:3      | Reached XP level 6. HP: 50/50 MP: 6/6
  2111 | D:3      | Reached skill level 5 in Fighting
  2111 | D:3      | Reached skill level 6 in Shields
  2111 | D:3      | HP: 11/51 [gnoll/+0 whip (4)]
  2117 | D:3      | HP: 10/51 [gnoll/+0 spear (3)]
  2118 | D:3      | Reached skill level 4 in Axes
  2126 | D:3      | HP: 6/51 [gnoll/+0 halberd (6)]
  2126 | D:3      | HP: 2/51 [orc/+0 whip (4)]
  2129 | D:3      | Slain by an orc

Vanquished Creatures
  A kobold brigand (D:3)
  2 adders
  15 gnolls (D:3)
  A dart slug (D:1)
  A ribbon worm (D:2)
  23 orcs (D:3)
  3 endoplasms
  2 giant cockroaches
  3 hobgoblins (D:1)
  6 jackals
  5 kobolds
  3 quokkas
  A ball python (D:1)
  5 bats
  4 frilled lizards
  3 goblins
  9 rats
87 creatures vanquished.

Table legend:
 A = Non-vault XP
 B = Vault XP
 C = Vault XP percentage of total XP
 D = Non-vault monster count
 E = Vault monster count
 F = Vault count percentage of total count
                 A         B        C        D         E       F
            +---------+---------+-------+---------+---------+-------
      Total |     116 |     364 |  75.8 |      52 |      35 |  40.2
            +---------+---------+-------+---------+---------+-------
        D:1 |      36 |       0 |   0.0 |      23 |       0 |   0.0
        D:2 |      37 |       0 |   0.0 |      16 |       0 |   0.0
        D:3 |      43 |     364 |  89.4 |      13 |      35 |  72.9
            +---------+---------+-------+---------+---------+-------

Skill      XL: |  1  2  3  4  5  6 |
---------------+-------------------+-----
Fighting       | 4 5 |  5.3
Shields        | 5 6 |  6.2
Axes           | 3 4 |  4.1
Armour         | |  3.2

Action                     |  1- 3 |  4- 6 || total
---------------------------+-------+-------++-------
  Melee: War axe           |    78 |    44 ||   122
         Hand axe          |       |    75 ||    75
    Use: Scroll            |     5 |     3 ||     8
         Potion            |       |     5 ||     5
 Armour: Scale mail        |    64 |    94 ||   158
  Dodge: Dodged            |    42 |    80 ||   122
  Block: Buckler           |    27 |    49 ||    76

Illustrated notes

Table legend:
 A = Kills in this place as a percentage of kills in the entire game.
 B = Kills by you in this place as a percentage of kills by you in the entire game.
 C = Kills by friends in this place as a percentage of kills by friends in the entire game.
 D = Other kills in this place as a percentage of other kills in the entire game.
 E = Experience gained in this place as a percentage of experience gained in the entire game.
 F = Experience gained in this place divided by the number of levels of this place that you have seen.
                   A       B       C       D       E      F
               +-------+-------+-------+-------+-------+----------------------
         Total | 100.0 | 100.0 |   N/A |   N/A | 100.0 | 160.0
       Dungeon | 100.0 | 100.0 |   N/A |   N/A | 100.0 | 160.0
               +-------+-------+-------+-------+-------+----------------------

Table legend: (Time is in decaauts)
 A = Elapsed time spent in this place.
 B = Non-inter-level travel time spent in this place.
 C = Inter-level travel time spent in this place.
 D = Time resting spent in this place.
 E = Time spent auto-exploring this place.
 F = Levels seen in this place.
 G = Mean time per level.
                   A        B        C        D        E       F      G
               +--------+--------+--------+--------+--------+-----+--------+
         Total |   2204 |   2145 |     59 |     47 |   1480 |   3 |  734.7 |
       Dungeon |   2204 |   2145 |     59 |     47 |   1480 |   3 |  734.7 |
               +--------+--------+--------+--------+--------+-----+--------+

Top non-repeatable levels by time:
     D:1: 1032 daAuts
     D:2: 625 daAuts
     D:3: 546 daAuts
